 Dungeon Crawl Stone Soup version 0.15.2 (webtiles) character file.

6080 kae the Bludgeoner (level 10, 0/77 HPs)
             Began as a Minotaur Fighter on Dec 26, 2014.
             Was a Priest of Okawaru.
             Slain by an unseen horror (12 damage)
             ... on Level 10 of the Dungeon on Dec 27, 2014.
             The game lasted 00:11:25 (8157 turns).

kae the Bludgeoner (Minotaur Fighter)               Turns: 8157, Time: 00:11:25

HP   0/77        AC  1     Str 22      XL: 10   Next: 58%
MP   4/4         EV  6     Int  7      God: Okawaru [***...]
Gold 643         SH  9     Dex 10      Spells:  0 memorised,  9 levels left

rFire  . . .     SeeInvis +     r - +3 flail
rCold  + . .     Clarity  +     b - +0 scale mail
rNeg   . . .     rCorr    .     c - +0 shield
rPois  +         rRot     .     P - +0 hat {SInv}
rElec  .         Spirit   .     x - +0 cloak
SustAb .         Warding  .     y - +1 pair of gloves
rMut   .         Stasis   .     F - +0 pair of boots
Gourm  .                        G - amulet of clarity
MR     .....                    t - ring of poison resistance
                                C - ring of protection from cold

@: corroded equipment, not resistant to hostile enchantments, extremely
unstealthy
A: retaliatory headbutt, horns 2
a: Heroism, Renounce Religion


You were on level 10 of the Dungeon.
You worshipped Okawaru.
Okawaru was most pleased with you.
You were not hungry.

You visited 2 branches of the dungeon, and saw 11 of its levels.
You also visited: Ossuary.

You collected 663 gold pieces.
You spent 20 gold pieces at shops.

Inventory:

Hand weapons
 a - a +1 flail
 r - a +3 flail (weapon)
 N - a +0 antimagic flail
Armour
 b - a +0 scale mail (worn)
 c - a +0 shield (worn)
 x - a +0 cloak (worn)
 y - a +1 pair of gloves (worn)
 F - a +0 pair of boots (worn)
 P - a +0 hat of see invisible (worn)
Magical devices
 i - a wand of confusion (16)
 z - a wand of enslavement (9)
Comestibles
 d - 8 bread rations
 n - 6 beef jerkies
 p - 6 meat rations
 s - a rotting chunk of orc flesh
 R - 8 slices of pizza
Scrolls
 g - 2 scrolls of identify
 h - 3 scrolls of recharging
 l - 2 scrolls of noise
 m - 6 scrolls of enchant armour
 A - a scroll of magic mapping
 E - 3 scrolls of remove curse
 I - 4 scrolls of teleportation
 K - a scroll of amnesia
 M - a scroll of enchant weapon
Jewellery
 f - an uncursed ring of magical power
 j - an uncursed ring of see invisible
 t - a ring of poison resistance (right hand)
 B - an uncursed ring of teleportation
 C - a ring of protection from cold (left hand)
 D - an uncursed ring of magical power
 G - an amulet of clarity (around neck)
 L - an uncursed ring of protection from cold
 O - a +5 ring of dexterity
Potions
 e - 2 potions of might
 k - a potion of flight
 o - 2 potions of curing
 q - 4 potions of restore abilities
 u - a potion of brilliance {unknown}
 v - 2 potions of agility
 w - 2 potions of mutation
 J - 3 potions of lignification


   Skills:
 - Level 3.6 Fighting
 + Level 17.7 Maces & Flails
 - Level 3.6 Armour
 - Level 3.6 Shields


You had 9 spell levels left.
You didn't know any spells.

Dungeon Overview and Level Annotations

Branches:
Dungeon (10/15)            Temple (1/1) D:7
    Orc: D:9-12        Lair: D:8-11

Altars:
Ashenzari
Cheibriados
Dithmenos
Elyvilon
Kikubaaqudgha
Makhleb
Nemelex Xobeh
Okawaru
Qazlal
Sif Muna
Trog
Vehumet
Xom
Yredelemnul
Zin
The Shining One

Shops:
D:9 =


Innate Abilities, Weirdness & Mutations

You reflexively headbutt those who attack you in melee.
You have a pair of horns on your head.


Message History

You are too injured to fight recklessly!
You are too injured to fight recklessly!
You are too injured to fight recklessly!
You are too injured to fight recklessly!
You are too injured to fight recklessly!
Read which item? (? for menu, Esc to quit)
Okay, then.
Evoke which item? (* to show all) (? for menu, Esc to quit)
Zapping:
i - a wand of confusion {zapped: 1}
Press: ? - help, Shift-Dir - straight line, f - unseen horror
Aim: an unseen horror (heavily wounded, slightly transparent)
The unseen horror appears confused.
You barely miss the unseen horror. Your headbutt misses the unseen horror.
The unseen horror is heavily wounded.
The unseen horror hits you.
* * * LOW HITPOINT WARNING * * *
You hit the unseen horror.
The unseen horror is heavily wounded.
The unseen horror hits you!
You die...

#...# #)..# #...# #...#
#...# #...# ######...#
.........################
................@x%$.....
#########################


You could see an unseen horror (confused).

Vanquished Creatures
  Gastronok (D:8)
  A two-headed ogre (D:8)
  2 yaks (D:10)
  A steam dragon (D:8)
  A hippogriff (D:10)
  Eustachio (D:5)
  A hungry ghost (D:10)
  A deep elf fighter (D:8)
  A water moccasin (D:10)
  A soldier ant (D:10)
  3 sky beasts
  An orc warrior (D:10)
  2 ice beasts
  3 black bears
  A necrophage (D:8)
  9 ogres
  2 centaurs (D:8)
  An elf zombie (Ossuary)
  A crocodile (D:8)
  A big kobold (D:8)
  4 giant frogs
  A scorpion (D:5)
  2 jellies (D:10)
  3 wights (D:7)
  A yak skeleton (D:7)
  An orc priest (D:4)
  A goliath beetle (D:6)
  4 hounds
  2 crimson imps (D:6)
  2 human zombies (Ossuary)
  A giant frog skeleton (D:7)
  5 worker ants
  2 centaur skeletons
  An orc wizard (D:4)
  An iguana (D:5)
  A sky beast zombie (D:9)
  A big kobold zombie (Ossuary)
  2 hound zombies
  2 mummies (Ossuary)
  4 adders
  16 gnolls
  A shadow imp (D:7)
  3 adder zombies
  2 giant geckos
  14 orcs
  7 bats
  A bat skeleton (D:7)
  4 giant cockroaches
  10 goblins
  15 hobgoblins
  4 jackals (D:1)
  6 quokkas
  A ball python (D:7)
  7 giant newts
  A giant newt zombie (D:5)
  3 goblin zombies (Ossuary)
  10 hobgoblin zombies
  A jackal zombie (Ossuary)
  11 kobolds
  11 kobold zombies
  9 orc zombies
  A quokka skeleton (D:9)
  6 rats
  A rat zombie (Ossuary)
  5 ballistomycetes
226 creatures vanquished.

Vanquished Creatures (others)
  A yak (D:10)
  A hound (D:10)
  A giant gecko (D:10)
  2 giant spores
5 creatures vanquished.

Grand Total: 231 creatures vanquished

Notes
Turn   | Place    | Note
--------------------------------------------------------------
     0 | D:1      | kae, the Minotaur Fighter, began the quest for the Orb.
     0 | D:1      | Reached XP level 1. HP: 19/19 MP: 1/1
   283 | D:1      | Reached XP level 2. HP: 21/26 MP: 1/1
   859 | D:2      | Reached skill level 4 in Maces & Flails
   898 | D:2      | Reached XP level 3. HP: 16/31 MP: 2/2
  1754 | D:3      | Reached skill level 5 in Maces & Flails
  1760 | D:3      | Reached XP level 4. HP: 33/39 MP: 2/2
  2521 | D:4      | Reached skill level 6 in Maces & Flails
  2539 | D:4      | Reached XP level 5. HP: 34/45 MP: 2/2
  2705 | D:5      | Entered Level 5 of the Dungeon
  2722 | D:5      | Found a sand-covered staircase.
  2733 | Ossuary  | Entered an ossuary
  2866 | Ossuary  | Reached skill level 7 in Maces & Flails
  2923 | Ossuary  | Reached XP level 6. HP: 32/51 MP: 3/3
  3092 | Ossuary  | Reached skill level 8 in Maces & Flails
  3234 | D:5      | Noticed a sky beast
  3278 | D:5      | Killed a sky beast
  3278 | D:5      | Reached skill level 9 in Maces & Flails
  3278 | D:5      | Reached XP level 7. HP: 29/57 MP: 3/3
  3516 | D:5      | Noticed an ogre
  3525 | D:5      | Killed an ogre
  3630 | D:5      | Noticed an ice beast
  3638 | D:5      | Killed an ice beast
  3638 | D:5      | Reached skill level 10 in Maces & Flails
  3896 | D:5      | Noticed Eustachio
  3917 | D:5      | Killed Eustachio
  3995 | D:5      | Found a radiant altar of Vehumet.
  4161 | D:5      | Reached skill level 11 in Maces & Flails
  4437 | D:6      | Reached XP level 8. HP: 62/64 MP: 3/3
  5448 | D:7      | Reached skill level 12 in Maces & Flails
  5650 | D:7      | Found a staircase to the Ecumenical Temple.
  5694 | D:7      | Reached skill level 13 in Maces & Flails
  5703 | Temple   | Entered the Ecumenical Temple
  5720 | Temple   | Became a worshipper of Warmaster Okawaru
  6043 | D:7      | Reached XP level 9. HP: 51/70 MP: 4/4
  6252 | D:8      | Acquired Okawaru's first power
  6252 | D:8      | Reached skill level 14 in Maces & Flails
  6641 | D:8      | Noticed Gastronok
  6651 | D:8      | Killed Gastronok
  6651 | D:8      | Reached skill level 16 in Maces & Flails
  6651 | D:8      | Reached XP level 10. HP: 77/77 MP: 2/4
  6983 | D:9      | Found Plycla's Jewellery Boutique.
  6990 | D:9      | Bought a cursed -3 ring of strength for 20 gold pieces
  7028 | D:9      | Found a deep blue altar of Sif Muna.
  7028 | D:9      | Found a glowing golden altar of the Shining One.
  7031 | D:9      | Found a glowing silver altar of Zin.
  7031 | D:9      | Found a stormy altar of Qazlal.
  7032 | D:9      | Found an ancient bone altar of Kikubaaqudgha.
  7530 | D:10     | Entered Level 10 of the Dungeon
  7539 | D:10     | Reached skill level 17 in Maces & Flails
  8143 | D:10     | Noticed an unseen horror
  8157 | D:10     | Slain by an unseen horror

Action                   |  1- 3 |  4- 6 |  7- 9 | 10-12 || total
-------------------------+-------+-------+-------+-------++-------
Melee: Flail             |   103 |   206 |   313 |   158 ||   780
Invok: Heroism           |       |       |     1 |     1 ||     2
Evoke: Wand              |       |       |     2 |     1 ||     3
  Use: Scroll            |       |    14 |     8 |     1 ||    23
       Potion            |       |       |     1 |     1 ||     2
 Stab: Confused          |       |       |       |     1 ||     1
  Eat: Chunk             |     3 |     3 |    13 |     4 ||    23
       Fruit             |       |       |       |     2 ||     2
